 Dungeon Crawl Stone Soup version 0.29.0-4-gdea44cf6ec (webtiles) character file.

Game seed: 12271086109176805254

39 qw the Chopper (level 3, -1/21 HPs)
             Began as a Tengu Warper on Aug 28, 2022.
             Slain by an adder (3 damage)
             ... on level 2 of the Dungeon.
             The game lasted 00:00:08 (1087 turns).

qw the Chopper (Tengu Warper)                       Turns: 1087, Time: 00:00:08

Health: -1/21      AC:  3    Str: 13    XL:     3   Next: 45%
Magic:  7/7        EV: 12    Int: 13    God:
Gold:   107        SH:  0    Dex: 13    Spells: 6/6 levels left

rFire   . . .      SeeInvis .   Y - +1 hand axe
rCold   . . .      Faith    .   (no shield)
rNeg    . . .      Spirit   .   b - +0 leather armour
rPois   .          Reflect  .   (helmet restricted)
rElec   .          Harm     .   (no cloak)
rCorr   .          Rampage  .   (no gloves)
Will    .....                   (boots unavailable)
Stlth   +.........              (no amulet)
HPRegen 0.07/turn               (no ring)
MPRegen 0.10/turn               (no ring)

@: lethally poisoned (-1 -> -5)
A: beak, talons 3
a: no special abilities


You were on level 2 of the Dungeon.
You visited 1 branch of the dungeon, and saw 2 of its levels.

You collected 107 gold pieces.


Innate Abilities, Weirdness & Mutations

You have a beak for a mouth.
You have claws for feet.


   Skills:
 - Level 2.0 Fighting
 + Level 4.1 Axes
 - Level 1.0 Throwing
 - Level 1.1 Armour
 - Level 2.1 Dodging
 - Level 2.0 Spellcasting
 - Level 2.4 Translocations


You had 6 spell levels left.
You didn't know any spells.
Your spell library contained the following spells:

 Spells                   Type           Power      Damage    Failure   Level
 Blink                    Tloc           14%        N/A       19%         2
 Gell's Gravitas          Tloc           7%         N/A       36%         3
 Lesser Beckoning         Tloc           7%         N/A       36%         3
 Teleport Other           Tloc           7%         N/A       36%         3
 Manifold Assault         Tloc           7%         N/A       98%         5

Inventory:

Hand Weapons
 d - a +0 club
 Y - a +1 hand axe (weapon)
Armour
 a - a +0 scale mail
 b - a +0 leather armour (worn)
Potions
 e - a potion of magic {unknown}
 h - a potion of attraction {unknown}
 i - a potion of flight {unknown}

Dungeon Overview and Level Annotations

Branches:
Dungeon (2/15)

Altars:


Message History

A kobold is nearby!
A goblin comes into view. It is wielding a +0 club.
The kobold throws a stone.
The stone barely misses you.
You hit the kobold.
You kill the kobold!
You closely miss the goblin. The goblin hits you with a +0 club.
You barely miss the goblin. You peck the goblin.
The goblin is moderately wounded.
The goblin hits you but does no damage.
You slash the goblin!
You kill the goblin!
You start resting.
HP restored.
You now have 107 gold pieces (gained 14).
Items here: % ( )).
An adder comes into view.
Enter note: You hit the adder but do no damage.
Your kick misses the adder. The adder bites you.
You hit the adder. Your peck misses the adder.
The adder is heavily wounded.
The adder bites you.
You are poisoned.
The adder poisons you!
You hit the adder but do no damage. Your kick misses the adder.
The adder is heavily wounded.
You feel sick. The adder bites you but does no damage. The adder bites you.
You closely miss the adder. Your kick misses the adder.
The adder is heavily wounded.
You feel sick. The adder bites you.
You are more poisoned.
The adder poisons you!
You hit the adder.
The adder is severely wounded.
You feel sick. The adder barely misses you. The adder bites you.
You miss the adder.
The adder is severely wounded.
You feel sick. The adder bites you.
You die...

####.# )....# ### .#####
..# ).## #.# ...## #.#
#...## #.##########
.....## #...........
......########..@########
...............#S.......
....##########....######
...## ..##.# #.## #.## .#
### #. .# #. .# #. .# #.


You could see an adder.

Vanquished Creatures
  4 dart slugs
  3 bats (D:1)
  4 endoplasms (D:1)
  3 goblins
  2 hobgoblins (D:1)
  A quokka (D:1)
  2 ball pythons (D:1)
  A frilled lizard (D:1)
  5 kobolds
  5 rats
30 creatures vanquished.

Notes
Turn   | Place    | Note
-------+----------+-------------------------------------------
     0 | D:1      | qw the Tengu Warper began the quest for the Orb.
     0 | D:1      | Reached XP level 1. HP: 12/12 MP: 4/4
     0 | D:1      | 0 ||| qw: Version: 0.1-a-89-g26bdef1
     0 | D:1      | 0 ||| qw: Game counter: 810
     0 | D:1      | 0 ||| qw: Always use a shield: true
     0 | D:1      | 0 ||| qw: God list: Okawaru
     0 | D:1      | 0 ||| qw: Allow faded altars: false
     0 | D:1      | 0 ||| qw: Do Orc after D:15 true
     0 | D:1      | 0 ||| qw: Do second Lair branch before Depths: true
     0 | D:1      | 0 ||| qw: Lair rune preference: random
     0 | D:1      | 0 ||| qw: Plans: Normal
     0 | D:1      | 0 ||| PLANNING D:1-11
   132 | D:1      | Reached XP level 2. HP: 17/17 MP: 6/6
   133 | D:1      | 133 ||| Stepping ~*~*~tactically~*~*~ (stealth).
   159 | D:1      | 159 ||| Stepping ~*~*~tactically~*~*~ (stealth).
   160 | D:1      | 160 ||| Stepping ~*~*~tactically~*~*~ (stealth).
   161 | D:1      | 161 ||| Stepping ~*~*~tactically~*~*~ (stealth).
   165 | D:1      | Reached skill level 3 in Axes
   472 | D:1      | 472 ||| Stepping ~*~*~tactically~*~*~ (stealth).
   475 | D:1      | 475 ||| Stepping ~*~*~tactically~*~*~ (hiding).
   482 | D:1      | Reached XP level 3. HP: 18/21 MP: 7/7
   486 | D:1      | 486 ||| Stepping ~*~*~tactically~*~*~ (stealth).
   511 | D:1      | 511 ||| Stepping ~*~*~tactically~*~*~ (stealth).
   514 | D:1      | Found a faded altar of an unknown god.
   694 | D:1      | Reached skill level 4 in Axes
   956 | D:1      | 956 ||| READING scroll labelled XUM IGIAFEHORU.
   957 | D:1      | 957 ||| READING scroll labelled RYUC JIHEA.
   958 | D:1      | 958 ||| READING scroll labelled TIHUYS TECHOMN.
   959 | D:1      | 959 ||| READING scroll labelled DOFAUN MIESK.
   960 | D:1      | 960 ||| READING scroll labelled ALUMAVIEQO.
   961 | D:1      | 961 ||| READING scroll labelled DER OFUSALODI.
   962 | D:1      | 962 ||| READING scroll labelled ERHURANW OMUU.
   966 | D:1      | 966 ||| DROPPING scroll of blinking.
  1020 | D:2      | 1020 ||| Stepping ~*~*~tactically~*~*~ (stealth).
  1086 | D:2      | HP: 4/21 [adder (3)]
  1087 | D:2      | Slain by an adder

Levels and vault maps discovered:
D:1:      sevenhm_arrival_forest_fort_small_3, layout_rooms,
          hellmonk_ecumenical_altar_lost_god,
          amcnicky_mini_rare_corridor_liquid,
          nicolae_concentric_dashed_squares_mild
D:2:      layout_loops_ring

Skill      XL: |  1  2  3 |
---------------+----------+-----
Axes           | 3 4 |  4.1
Fighting       | |  2.0
Throwing       | |  1.0
Armour         | |  1.1
Dodging        | |  2.1
Spellcasting   | |  2.0
Translocations | |  2.4

Action                   || total
-------------------------++-------
Melee: Hand axe          ||    63
       Kick              ||    14
       Peck              ||    12
Throw: Boomerang         ||     7
  Use: Scroll            ||     7
Armor: Leather armour    ||    11
Dodge: Dodged            ||    21

Table legend:
 A = Non-vault XP
 B = Vault XP
 C = Vault XP percentage of total XP
 D = Non-vault monster count
 E = Vault monster count
 F = Vault count percentage of total count
                 A         B        C        D         E       F
            +---------+---------+-------+---------+---------+-------
      Total |      56 |       0 |   0.0 |      30 |       0 |   0.0
            +---------+---------+-------+---------+---------+-------
        D:1 |      48 |       0 |   0.0 |      26 |       0 |   0.0
        D:2 |       8 |       0 |   0.0 |       4 |       0 |   0.0
            +---------+---------+-------+---------+---------+-------
